 Dungeon Crawl Stone Soup version 0.30-a0-870-gc5d4c5a (webtiles) character file.

Game seed: 14195439941962615312

1466 Dorkslayer the Trooper (level 8, -1/71 HPs)
             Began as a Hill Orc Fighter on Mar 10, 2023.
             Was a Follower of Okawaru.
             Killed from afar by an orc wizard (4 damage)
             ... with a magic dart
             ... on level 6 of the Dungeon.
             The game lasted 00:12:57 (5183 turns).

Dorkslayer the Trooper (Hill Orc Fighter)           Turns: 5183, Time: 00:12:58

Health: -1/71      AC: 12    Str: 21    XL:     8   Next: 77%
Magic:  8/8        EV: 15    Int:  8    God:    Okawaru [*.....]
Gold:   240        SH:  5    Dex: 10    Spells: 7/7 levels left

rFire   . . .      SeeInvis .    n - +3 mace (freeze)
rCold   . . .      Faith    +    c - +1 buckler
rNeg    . . .      Spirit   .    b - +0 scale mail
rPois   .          Reflect  .    k - +0 helmet
rElec   .          Rampage  .    (no cloak)
rCorr   .                        o - +0 pair of gloves
Will    .....                    s - +1 pair of boots Stlth
                                 j - amulet of faith
HPRegen 0.31/turn                t - +5 ring of evasion
MPRegen 0.11/turn                (no ring)

@: no status effects
A: no striking features
a: Renounce Religion, Heroism


You were on level 6 of the Dungeon.
You worshipped Okawaru.
Okawaru was aware of your devotion.
You visited 2 branches of the dungeon, and saw 7 of its levels.

You collected 240 gold pieces.

Inventory:

Hand Weapons
 a - a +1 war axe
 n - a +3 mace of freezing (weapon)
Missiles
 f - 3 silver javelins (quivered)
Armour
 b - a +0 scale mail (worn)
 c - a +1 buckler (worn)
 k - a +0 helmet (worn)
 o - a +0 pair of gloves (worn)
 s - a +1 pair of boots (worn)
Jewellery
 j - an amulet of faith (around neck)
 t - a +5 ring of evasion (left hand)
Wands
 h - a wand of paralysis (5)
 l - a wand of iceblast (8)
 q - a wand of flame (8)
Scrolls
 g - 4 scrolls of teleportation
 r - a scroll of enchant armour
 v - a scroll of fear {unknown}
Potions
 d - 3 potions of lignification
 i - 2 potions of brilliance
 p - a potion of flight
 u - a potion of degeneration {unknown}


   Skills:
 * Level 6.4 Fighting
 * Level 6.2 Axes
 * Level 3.0 Throwing
 * Level 5.6 Armour
 * Level 3.2 Dodging
 + Level 4.7 Shields
 * Level 3.4 Evocations


You had 7 spell levels left.
You didn't know any spells.
Your spell library contained the following spells:

 Spells                   Type           Power      Damage    Failure   Level
 Hailstorm                Conj/Ice       0%         3d3       99%         3
 Ice Form                 Ice/Tmut       0%         N/A       100%        4
 Simulacrum               Ice/Necr       Unusable   N/A       N/A         6

Dungeon Overview and Level Annotations

Branches:
Dungeon (6/15)             Temple (1/1) D:5

Altars:
Ashenzari
Cheibriados
Elyvilon
Gozag
Hepliaklqana
Kikubaaqudgha
Makhleb
Nemelex Xobeh
Okawaru
Qazlal
Ru
Sif Muna
Trog
Uskayaw
Vehumet
Wu Jian
Xom
The Shining One


Message History

You hear some strange, mumbled words.
A magic dart appears from out of thin air!
The magic dart hits you!
* * * LOW HITPOINT WARNING * * *
Something hits you but does no damage.
You bump into the rock wall.
You feel less confused. You block something's attack.
Something hits you but does no damage.
You hit something. You freeze something.
You hear some strange, mumbled words.
A magic dart appears from out of thin air!
The magic dart hits you but does no damage.
You hear some strange, mumbled words.
A magic dart appears from out of thin air!
The magic dart hits you.
* * * LOW HITPOINT WARNING * * *
You feel better. Something hits you.
* * * LOW HITPOINT WARNING * * *
You hear some strange, mumbled words.
You are confused.
Unknown command.
You feel better.
Something hits you but does no damage. x2
You miss something.
You hear some strange, mumbled words.
A magic dart appears from out of thin air!
The magic dart hits you!
* * * LOW HITPOINT WARNING * * *
Something hits you but does no damage.
You hit something. You freeze something. Something hits you but does no damage.
You hear some strange, mumbled words.
A puff of flame appears from out of thin air!
The puff of flame hits you.
* * * LOW HITPOINT WARNING * * *
Something hits you but does no damage. Something hits you.
* * * LOW HITPOINT WARNING * * *
You miss something.
You hear some strange, mumbled words.
A magic dart appears from out of thin air!
The magic dart hits you.
You die...

........#)..##..##..#....
..>.....#...........#....
........).........>.#....
......P._.P.........#....
............##..##..#....
#+#....#..####..#####....
+....'...#....#^.......
#....#...#....#........
#....#@{.#....'........
#....#){.#....#........
#....#)########........
####....# ######...
#....# #... #....+ #...
'....# #... ##....# #...
.....#


There were no monsters in sight!

Vanquished Creatures
  An orc warrior (D:6)
  A phantom (D:5)
  3 scorpions
  7 wights
  A howler monkey (D:5)
  An orc priest (D:5)
  3 hounds
  A jelly (D:6)
  5 iguanas
  A sleepcap (D:5)
  Ijyb (D:5)
  Jessica (D:2)
  Terence (D:2)
  4 orc wizards
  Natasha (D:2)
  Robin (D:3)
  3 gnolls (D:3)
  6 adders
  A white imp (D:6)
  2 worms
  5 dart slugs
  11 orcs
  7 bats
  4 endoplasms
  5 giant cockroaches
  12 goblins
  11 hobgoblins
  7 jackals (D:3)
  4 kobolds
  3 quokkas
  2 ball pythons (D:3)
  6 frilled lizards
  4 rats
126 creatures vanquished.

Vanquished Creatures (others)
  A plant (D:2)
1 creature vanquished.

Grand Total: 127 creatures vanquished

Notes
Turn   | Place    | Note
-------+----------+-------------------------------------------
     0 | D:1      | Dorkslayer the Hill Orc Fighter began the quest for the
                  | Orb.
     0 | D:1      | Reached XP level 1. HP: 19/19 MP: 1/1
   459 | D:1      | Reached XP level 2. HP: 19/27 MP: 2/2
  1184 | D:2      | Noticed Terence
  1195 | D:2      | Killed Terence
  1196 | D:2      | Reached skill level 1 in Dodging
  1196 | D:2      | Reached XP level 3. HP: 29/33 MP: 3/3
  1445 | D:2      | Noticed Jessica
  1458 | D:2      | Killed Jessica
  1459 | D:2      | Reached XP level 4. HP: 23/40 MP: 4/4
  1818 | D:2      | Noticed Natasha
  1826 | D:2      | Killed Natasha
  1827 | D:2      | Reached XP level 5. HP: 28/47 MP: 5/5
  2152 | D:3      | Found a glowing golden altar of the Shining One.
  2191 | D:3      | Found a broken altar of Ashenzari.
  2237 | D:3      | You fall into a shaft and drop 2 floors!
  2237 | D:5      | Entered Level 5 of the Dungeon
  2309 | D:4      | Reached XP level 6. HP: 47/55 MP: 6/6
  2313 | D:4      | Reached skill level 5 in Fighting
  2321 | D:4      | Reached skill level 1 in Evocations
  2493 | D:3      | Noticed Robin
  2516 | D:3      | Killed Robin
  2695 | D:3      | Reached skill level 1 in Throwing
  3996 | D:5      | Reached XP level 7. HP: 61/61 MP: 7/7
  4117 | D:5      | Reached skill level 5 in Axes
  4370 | D:5      | Noticed Ijyb
  4384 | D:5      | Killed Ijyb
  4396 | D:5      | Reached skill level 5 in Armour
  4405 | D:5      | Reached XP level 8. HP: 25/70 MP: 8/8
  4616 | D:5      | Found a staircase to the Ecumenical Temple.
  4626 | Temple   | Entered the Ecumenical Temple
  4680 | Temple   | Became a worshipper of Warmaster Okawaru
  5043 | D:6      | Found a hide-covered altar of Uskayaw.
  5102 | D:6      | Reached * piety under Okawaru
  5182 | D:6      | HP: 3/71 [something (3)]
  5183 | D:6      | Killed from afar by an orc wizard

Illustrated notes

Levels and vault maps discovered:
D:1:      lemuel_arrival_hallway, layout_loops_corners, st_stairs_6
D:2:      layout_basic, serial_bayou_pond_d, uniq_terence, uniq_natasha,
          uniq_jessica
D:3:      layout_basic, mainiacjoe_overflow_two_lobes, uniq_robin
D:4:      layout_layer_cave
D:5:      layout_loops_cross, minmay_temple_entry_glass, uniq_ijyb
D:6:      layout_gridville, zin_treasury,
          chequers_temple_overflow_statue_of_worship,
          mainiacjoe_overflow_tiny_flanked
Temple:   eino_wide_crystal_templ

Skill      XL: |  1  2  3  4  5  6  7  8 |
---------------+-------------------------+-----
Axes           | 3 4 5 6 |  6.2
Fighting       | 4 5 6 |  6.4
Dodging        | 1 2 3 |  3.2
Armour         | 4 5 |  5.6
Evocations     | 1 2 3 |  3.4
Shields        | 4 |  4.7
Throwing       | 1 2 3 |  3.0

Action                     |  1- 3 |  4- 6 |  7- 9 || total
---------------------------+-------+-------+-------++-------
  Melee: War axe           |    95 |   168 |    92 ||   355
         Mace              |       |       |    28 ||    28
  Throw: Javelin           |     1 |     7 |     3 ||    11
  Evoke: Wand              |       |       |     3 ||     3
    Use: Scroll            |       |    11 |     2 ||    13
         Potion            |       |     2 |     5 ||     7
 Armour: Scale mail        |    54 |    73 |    80 ||   207
  Dodge: Dodged            |    63 |    82 |    97 ||   242
  Block: Buckler           |    17 |    59 |    44 ||   120

Table legend: (Time is in decaauts)
 A = Elapsed time spent in this place.
 B = Non-inter-level travel time spent in this place.
 C = Inter-level travel time spent in this place.
 D = Time resting spent in this place.
 E = Time spent auto-exploring this place.
 F = Levels seen in this place.
 G = Mean time per level.
                   A        B        C        D        E       F      G
               +--------+--------+--------+--------+--------+-----+--------+
         Total |   5314 |   5314 |      0 |    140 |   2391 |   7 |  759.1 |
       Dungeon |   5250 |   5250 |      0 |    140 |   2391 |   6 |  875.0 |
        Temple |     63 |     63 |      0 |      0 |      0 |   1 |   63.0 |
               +--------+--------+--------+--------+--------+-----+--------+

Top non-repeatable levels by time:
     D:4: 1171 daAuts
     D:1: 1101 daAuts
     D:5: 1015 daAuts
     D:2: 931 daAuts
     D:3: 826 daAuts
     D:6: 202 daAuts
  Temple: 63 daAuts
